 Dungeon Crawl Stone Soup version 0.26-a0-639-g72c4674329 (webtiles) character file.

Game seed: 1059254249513714872

12899 MrRokkomies the Arsonist (level 11, -28/65 HPs)
             Began as a Deep Elf Fire Elementalist on Sept 18, 2020.
             Was an Elder of Sif Muna.
             Killed from afar by a frost giant (39 damage)
             ... with a bolt of cold
             ... in an ice cave.
             The game lasted 00:31:11 (16444 turns).

MrRokkomies the Arsonist (DEFE)                    Turns: 16444, Time: 00:31:12

Health: -28/65     AC:  9    Str:  5    XL:     11   Next: 68%
Magic:  24/24      EV: 24    Int: 30    God:    Sif Muna [****..]
Gold:   243        SH:  0    Dex: 19    Spells: 6/25 levels left

rFire    + . .     SeeInvis .   n - +4 great mace of Obsession {protect, rF+ Dex+4}
rCold    . . .     Faith    +   (shield currently unavailable)
rNeg     . . .     Spirit   .   f - +2 robe {MR+}
rPois    .         Reflect  .   H - +2 hat
rElec    .         Harm     .   m - +2 cloak
rCorr    .         Rampage  .   (no gloves)
MR       ++...                  (no boots)
Stlth    ++........             G - amulet of faith
HPRegen  0.20/turn              q - +6 ring of intelligence
MPRegen  0.19/turn              E - +4 ring of evasion

@: flying
A: no striking features
a: Channel Magic, Forget Spell, Divine Exegesis, Renounce Religion


You were in an ice cave.
You worshipped Sif Muna.
Sif Muna was greatly pleased with you.
You visited 3 branches of the dungeon, and saw 12 of its levels.
You also visited: Sewer and Ice Cave.

You collected 678 gold pieces.
You spent 435 gold pieces at shops.

Inventory:

Hand Weapons
 a - the +8 trident of the Shining Light {freeze, +Fly MP+9 Str+6 Dex-5}
   (You found it on level 6 of the Dungeon)

   It has been specially enchanted to freeze those struck by it, causing extra
   injury to most foes and up to half again as much damage against particularly
   susceptible opponents.
   It can also slow down cold-blooded creatures.
   It affects your strength (+6).
   It affects your dexterity (-5).
   It affects your magic capacity (+9).
   It lets you fly.
 b - a +0 dagger
 n - the +4 great mace of Obsession (weapon) {protect, rF+ Dex+4}
   (You found it in an ice cave)

   It grants its wielder temporary protection when it strikes (+7 to AC).
   It affects your dexterity (+4).
   It protects you from fire.
 o - a +5 spear
 y - a +1 glaive of freezing
 A - a +1 great mace of venom
 C - a +0 demon trident
Missiles
 j - 26 poisoned darts (quivered)
Armour
 f - a +2 robe of magic resistance (worn)
 m - a +2 cloak (worn)
 H - a +2 hat (worn)
Jewellery
 q - a +6 ring of intelligence (left hand)
 t - a +6 ring of intelligence
 E - a +4 ring of evasion (right hand)
 G - an amulet of faith (around neck)
Wands
 d - a wand of disintegration (12)
 r - a wand of paralysis (9)
 x - a wand of iceblast (20)
 B - a wand of random effects (19)
 F - a wand of enslavement (8)
Scrolls
 l - 11 scrolls of teleportation
 s - 5 scrolls of remove curse
 z - a scroll of amnesia
 D - 2 scrolls of enchant weapon
Potions
 c - 2 potions of lignification
 e - a potion of mutation
 g - 2 potions of might
 h - 3 potions of haste {unknown}
 k - 5 potions of curing
 p - 2 potions of brilliance
 u - 2 potions of berserk rage
 v - 6 potions of flight
 w - 2 potions of invisibility


   Skills:
 + Level 6.3 Fighting
 + Level 9.5 Dodging
 - Level 2.4 Stealth
 * Level 7.7 Spellcasting
 - Level 10.4 Conjurations
 - Level 10.9 Fire Magic
 * Level 5.8 Invocations


You had 6 spell levels left.
You knew the following spells:

 Your Spells              Type           Power        Failure   Level
a - Foxfire               Conj/Fire      ####         1%          1
b - Conjure Flame         Conj/Fire      ######..     1%          3
c - Inner Flame           Hex/Fire       #####...     1%          3
d - Sticky Flame          Conj/Fire      ######..     1%          4
e - Stone Arrow           Conj/Erth      #####.       1%          3
f - Fireball              Conj/Fire      ######....   1%          5

Your spell library contained the following spells:

 Spells                   Type           Power        Failure   Level
 Dazzling Flash           Conj/Hex       #####.       1%          3
 Corona                   Hex            ##.....      4%          1
 Slow                     Hex            ##......     7%          2
 Confusing Touch          Hex            ##......     13%         3
 Gell's Gravitas          Tloc           ##........   13%         3
 Portal Projectile        Hex/Tloc       ##....       13%         3
 Cause Fear               Hex            ##........   41%         4
 Leda's Liquefaction      Hex/Erth       ##........   41%         4
 Petrify                  Tmut/Erth      ##......     41%         4
 Conjure Ball Lightning   Conj/Air       #####.....   63%         6
 Metabolic Englaciation   Hex/Ice        ##........   77%         5
 Yara's Violent Unravell  Hex/Tmut       ##........   77%         5
 Orb of Destruction       Conj           ######....   45%         7


Dungeon Overview and Level Annotations

Branches:
Dungeon (10/15)            Temple (1/1) D:6            Lair (1/6) D:10
  Sewer (visited)           IceCv (1/1)
    Orc: D:9-12

Altars:
Ashenzari
Cheibriados
Dithmenos
Gozag
Hepliaklqana
Kikubaaqudgha
Okawaru
Qazlal
Sif Muna
Trog
Uskayaw
Vehumet
Wu Jian
Xom
The Shining One

Shops:
D:9 *

Annotations:
IceCv exclusion: ice statue


Message History

A wolf comes into view. x2; A yak comes into view.
The wolf moves out of view.
You hear an angry growl.
As you read the scroll of fog, it crumbles to dust.
The scroll dissolves into smoke.
The frost giant gestures at you while chanting.
The bolt of cold hits you!!!
Ouch! That really hurt!
* * * LOW HITPOINT WARNING * * *
You hear a bellow!
Okay, then.
You feel very buoyant.
You fly up into the air.
You hear a bellow!
The frost giant casts a spell at you. The bolt of cold misses you.
The frost giant gestures at you while chanting.
The bolt of cold hits you!!!
Ouch! That really hurt!
You die...

#..#)...#..#≈≈# ###
YC#.......#≈≈#
##.###
#.##......#≈≈#
#.#..###
#..#......#≈≈#
#.÷#.#.##
#.§##.....#≈≈#
##.##..#.#
##§§###..##≈≈#
##..###..####
##§§§§..##≈≈##
##..## ##..#.##
#§§§§§#.C○○≈###.#.#
##..#.#
##§§§###≈≈≈○@#...##
##.... #####
#≈#≈≈≈..### ####.
######.## ## ### #


You could see a frost giant.

Vanquished Creatures
  2 two-headed ogres (D:10)
  An unseen horror (D:10)
  An ugly thing (D:9)
  A freezing wraith (D:10)
  3 komodo dragons (Lair:1)
  8 polar bears (IceCv)
  2 hippogriffs (D:10)
  Sigmund (D:3)
  A wraith (D:10)
  A wyvern (D:9)
  7 yaks
  Menkaure (D:7)
  2 wargs (D:10)
  2 water moccasins
  A black bear (D:7)
  8 orc warriors
  Duvessa (D:5)
  4 ice beasts
  4 sky beasts
  A necrophage (D:8)
  5 ogres
  4 wolves (IceCv)
  3 phantoms
  5 centaurs
  A big kobold (D:10)
  2 bullfrogs (D:9)
  A gnoll sergeant (D:7)
  3 scorpions
  Dowan (D:5)
  3 killer bees (D:9)
  4 howler monkeys
  A quasit (D:8)
  6 orc priests
  Crazy Yiuf (D:3)
  A bullfrog skeleton (D:5)
  8 hounds
  A centaur skeleton (D:7)
  Ijyb (D:3)
  2 iguanas
  18 orc wizards
  8 worker ants
  A merfolk siren (Sewer)
  A merfolk avatar (Sewer)
  A killer bee zombie (D:10)
  2 hound skeletons
  2 worker ant zombies
  15 adders
  9 gnolls
  A river rat (Sewer)
  2 shadow imps
  2 ufetubi
  An adder zombie (D:7)
  3 worms
  3 dart slugs (D:1)
  11 leopard geckos
  42 orcs
  5 bats
  7 giant cockroaches
  7 goblins
  7 hobgoblins
  17 jackals
  3 quokkas
  6 ball pythons
  8 frilled lizards
  A jackal skeleton (D:5)
  9 kobolds
  A leopard gecko zombie (D:5)
  2 quokka skeletons
  31 rats
331 creatures vanquished.

Vanquished Creatures (others)
  537 foxfires
  8 plants (D:9)
545 creatures vanquished.

Grand Total: 876 creatures vanquished

Notes
Turn   | Place    | Note
-------+----------+-------------------------------------------
     0 | D:1      | MrRokkomies the Deep Elf Fire Elementalist began the quest
                  | for the Orb.
     0 | D:1      | Reached XP level 1. HP: 10/10 MP: 6/6
   222 | D:1      | Reached XP level 2. HP: 5/15 MP: 4/8
  1275 | D:1      | Reached XP level 3. HP: 4/20 MP: 6/9
  1646 | D:1      | Learned a level 3 spell: Conjure Flame
  1650 | D:1      | Learned a level 3 spell: Inner Flame
  2341 | D:2      | Reached XP level 4. HP: 24/24 MP: 4/10
  2867 | D:3      | Reached skill level 1 in Fighting
  3252 | D:3      | Noticed a sky beast
  3263 | D:3      | Killed a sky beast
  3263 | D:3      | Reached XP level 5. HP: 29/29 MP: 7/11
  3541 | D:3      | Found a runed translucent door.
  3542 | D:3      | Noticed Crazy Yiuf
  3822 | D:3      | Paralysed by a kobold for 7 turns
  3932 | D:3      | You fall into a shaft and drop 3 floors!
  3932 | D:6      | Noticed an orc warrior
  3935 | D:5      | Entered Level 5 of the Dungeon
  3935 | D:5      | Noticed an orc warrior
  3954 | D:4      | Reached skill level 5 in Fire Magic
  3956 | D:4      | Reached XP level 6. HP: 33/35 MP: 5/12
  4010 | D:4      | Found a glowing drain.
  4019 | Sewer    | Entered a sewer
  4132 | Sewer    | Learned a level 4 spell: Sticky Flame
  4898 | D:4      | Found an iron altar of Okawaru.
  4908 | D:4      | Reached XP level 7. HP: 40/40 MP: 8/13
  5003 | D:4      | Reached skill level 5 in Conjurations
  5600 | D:3      | Noticed Ijyb
  5601 | D:3      | Noticed Sigmund
  5603 | D:3      | Paralysed by Ijyb for 5 turns
  6229 | D:3      | Paralysed by Ijyb for 2 turns
  6231 | D:3      | Killed Ijyb
  6312 | D:3      | Killed Sigmund
  6505 | D:3      | Killed Crazy Yiuf
  6637 | D:5      | Reached XP level 8. HP: 44/45 MP: 9/14
  6955 | D:5      | Reached skill level 5 in Dodging
  7600 | D:5      | Noticed Dowan
  7601 | D:5      | Noticed Duvessa
  7609 | D:5      | Killed Dowan
  7612 | D:5      | Killed Duvessa
  8426 | D:5      | Reached XP level 9. HP: 52/52 MP: 12/15
  8891 | D:6      | Got a crystal trident
  8892 | D:6      | Identified the +8 trident of the Shining Light {freeze,
                  | +Fly MP+9 Str+6 Dex-5} (You found it on level 6 of the
                  | Dungeon)
  9066 | D:6      | Found an ancient bone altar of Kikubaaqudgha.
  9398 | D:6      | Found a staircase to the Ecumenical Temple.
  9408 | Temple   | Entered the Ecumenical Temple
  9423 | Temple   | Became a worshipper of Sif Muna the Loreminder
  9819 | D:7      | Noticed Menkaure
  9825 | D:7      | Killed Menkaure
 10511 | D:7      | Reached * piety under Sif Muna
 10648 | D:7      | Found a shimmering altar of Xom.
 11031 | D:8      | HP: 1/52 [orc warrior/+0 glaive (18)]
 11343 | D:9      | Reached XP level 10. HP: 58/58 MP: 16/16
 11893 | D:9      | Reached skill level 10 in Fire Magic
 12145 | D:9      | Found Ciyxtoskeb's Assorted Antiques.
 12152 | D:9      | Bought a black book for 435 gold pieces
 12192 | D:9      | Noticed a purple ugly thing
 12213 | D:9      | Killed a purple ugly thing
 12213 | D:9      | Reached ** piety under Sif Muna
 12432 | D:9      | Reached skill level 5 in Fighting
 13210 | D:9      | Reached skill level 10 in Conjurations
 13477 | D:10     | Entered Level 10 of the Dungeon
 13619 | D:9      | Learned a level 3 spell: Stone Arrow
 13625 | D:10     | HP: 1/59 [freezing wraith (6)]
 13628 | D:10     | Reached skill level 1 in Invocations
 13630 | D:10     | Reached *** piety under Sif Muna
 14322 | D:10     | Noticed an unseen horror
 14325 | D:10     | Killed an unseen horror
 14325 | D:10     | Reached XP level 11. HP: 52/64 MP: 19/19
 14504 | D:10     | Noticed a two-headed ogre
 14516 | D:10     | Killed a two-headed ogre
 14516 | D:10     | Reached skill level 5 in Spellcasting
 15004 | D:10     | Found a staircase to the Lair.
 15012 | D:10     | Noticed a two-headed ogre
 15020 | D:10     | Killed a two-headed ogre
 15287 | Lair:1   | Entered Level 1 of the Lair of Beasts
 15296 | D:10     | Learned a level 5 spell: Fireball
 15607 | Lair:1   | Found a frozen archway.
 15621 | IceCv    | Entered an ice cave
 15624 | IceCv    | Reached **** piety under Sif Muna
 15638 | IceCv    | Reached skill level 5 in Invocations
 16402 | IceCv    | Got a crude great mace
 16403 | IceCv    | Identified the +4 great mace of Obsession {protect, rF+
                  | Dex+4} (You found it in an ice cave)
 16427 | IceCv    | Noticed a frost giant
 16444 | IceCv    | Killed from afar by a frost giant

Illustrated notes

Levels and vault maps discovered:
D:1:      nzn_arrival_water_spiral, layout_loops_ring
D:2:      layout_rooms
D:3:      layout_loops_ring, grunt_decor_resistance, roderic_serpentine_path,
          grunt_ministairs_10, dk_noncrumbling_4, minmay_misc_feat_x,
          skrybe_limestone_x, hangedman_abyss_or_decor_stabs, minivault_19,
          nrook_loot_triangle, uniq_crazy_yiuf_cottage, uniq_sigmund, uniq_ijyb
D:4:      layout_cave_pools, portal_sewer_entry_d, okawaru_gym_becter
D:5:      layout_gridville, uniq_duvessa
D:6:      layout_rooms, nicolae_overflow_crystal_walls, temple_fountains,
          chequers_serial_rivers_micro_a, kennysheep_doodads
D:7:      layout_loops_corners, brannock_xom_greatest_gift, uniq_menkaure
D:8:      layout_cave_pools, minmay_misc_feat_iff
D:9:      layout_gridville, serial_shops, shop, serial_bayou_crossing
D:10:     layout_cave_pools, erik_lair_orcish_takeover
Temple:   compressed_dpeg_triangle_lava_temple
Lair:1:   layout_cave_pods, portal_ice_cave_entry_pillars_1,
          infiniplex_staircase_pool_2
IceCv:    ice_cave_small_giant

Skill      XL: |  1  2  3  4  5  6  7  8  9 10 11 |
---------------+----------------------------------+-----
Conjurations   | 2 3 4 5 7 9 10 | 10.4
Fire Magic     | 4 5 6 8 9 10 | 10.9
Dodging        | 3 4 6 7 8 9 |  9.5
Fighting       | 1 2 3 4 5 6 |  6.3
Invocations    | 2 5 |  5.8
Spellcasting   | 4 7 |  7.7
Stealth        | |  2.4

Action                   |  1- 3 |  4- 6 |  7- 9 | 10-12 || total
-------------------------+-------+-------+-------+-------++-------
Melee: Dagger            |    72 |     2 |       |       ||    74
       Spear             |       |    87 |   207 |       ||   294
       Trident           |       |       |   104 |   145 ||   249
Throw: Dart              |       |       |     4 |       ||     4
 Cast: Foxfire           |    68 |    88 |    97 |    62 ||   315
       Conjure Flame     |       |     2 |       |       ||     2
       Sticky Flame      |       |       |    35 |    51 ||    86
       Inner Flame       |       |       |     1 |       ||     1
       Stone Arrow       |       |       |       |    33 ||    33
       Fireball          |       |       |       |     2 ||     2
  Use: Scroll            |     5 |     2 |     6 |    13 ||    26
       Potion            |       |       |     3 |     7 ||    10
 Stab: Sleeping          |     6 |     6 |     4 |       ||    16
       Distracted        |       |       |     1 |       ||     1
Armor: Robe              |    29 |     4 |    79 |    55 ||   167
       Skin              |       |       |       |     9 ||     9
Dodge: Dodged            |    68 |    70 |   260 |   263 ||   661

Table legend: (Time is in decaauts)
 A = Elapsed time spent in this place.
 B = Non-inter-level travel time spent in this place.
 C = Inter-level travel time spent in this place.
 D = Time resting spent in this place.
 E = Time spent auto-exploring this place.
 F = Levels seen in this place.
 G = Mean time per level.
                   A        B        C        D        E       F      G
               +--------+--------+--------+--------+--------+-----+--------+
         Total |  16625 |  16258 |    367 |   2420 |  11214 |  14 | 1187.5 |
       Dungeon |  14676 |  14322 |    354 |   2108 |  10015 |  10 | 1467.6 |
        Temple |     28 |     15 |     13 |      0 |      5 |   1 |   28.0 |
          Lair |    331 |    331 |      0 |      0 |    282 |   1 |  331.0 |
         Sewer |    758 |    758 |      0 |    115 |    445 |   1 |  758.0 |
      Ice Cave |    830 |    830 |      0 |    197 |    466 |   1 |  830.0 |
               +--------+--------+--------+--------+--------+-----+--------+

Top non-repeatable levels by time:
     D:9: 2486 daAuts
     D:1: 2091 daAuts
     D:3: 1850 daAuts
     D:5: 1702 daAuts
    D:10: 1313 daAuts
     D:7: 1238 daAuts
     D:4: 1182 daAuts
     D:2: 1114 daAuts
     D:6: 992 daAuts
   IceCv: 830 daAuts
   Sewer: 758 daAuts
     D:8: 703 daAuts
  Lair:1: 331 daAuts
  Temple: 28 daAuts
